 Dungeon Crawl Stone Soup version 0.31-a0-174-g85c54bcb58 (webtiles) character file.

Game seed: 10018065427143028490

97 qw the Shooter (level 4, -2/28 HPs)
             Began as a Gargoyle Hunter on June 15, 2023.
             Slain by a gnoll
             ... wielding a +0 whip
              (8 damage)
             ... on level 3 of the Dungeon.
             The game lasted 00:00:44 (1846 turns).

qw the Shooter (Gargoyle Hunter)                    Turns: 1846, Time: 00:00:44

Health: -2/28      AC: 11    Str: 14    XL:     4   Next: 68%
Magic:  4/4        EV: 10    Int: 10    God:
Gold:   127        SH:  0    Dex: 15    Spells: 3/3 levels left

rFire   . . .        Y - +0 shortbow
rCold   . . .        (shield currently unavailable)
rNeg    + . .        k - +0 ring mail
rPois   inf          (no helmet)
rElec   +            (no cloak)
rCorr   .            f - +1 pair of gloves
SInv    .            a - +0 pair of boots
Will    .....        (no amulet)
Stlth   +            (no ring)
HPRegen 0.24/turn    (no ring)
MPRegen 0.09/turn

%: no passive effects
@: about to teleport
A: sickness immunity, AC +3, negative energy resistance 1, electricity
resistance, torment resistance 1, petrification resistance
a: no special abilities


You were on level 3 of the Dungeon.
You visited 1 branch of the dungeon, and saw 3 of its levels.

You collected 127 gold pieces.


Innate Abilities, Weirdness & Mutations

You are immune to sickness and miasma.
Your stone body is resilient. (AC +3)
You are immune to poison.
You resist negative energy. (rN+)
You are resistant to electric shocks. (rElec)
You are resistant to unholy torment.
You are immune to petrification.


   Skills:
 - Level 3.2 Fighting
 + Level 5.3 Ranged Weapons
 - Level 1.0 Armour
 - Level 1.5 Dodging
 - Level 1.1 Stealth


You had 3 spell levels left.
You didn't know any spells.
Your spell library was empty.

Inventory:

Hand Weapons
 Y - a +0 shortbow (weapon)
Armour
 a - a +0 pair of boots (worn)
 f - a +1 pair of gloves (worn)
 k - a +0 ring mail (worn)
Scrolls
 c - a scroll of fog {unknown}
 d - a scroll of fear {unknown}
Potions
 b - a potion of enlightenment {unknown}
 g - a potion of might {unknown}
 h - 2 potions of heal wounds {unknown}
 i - a potion of lignification {unknown}

Dungeon Overview and Level Annotations

Branches:
Dungeon (3/15)

Altars:


Message History

The gnoll hits you from afar with a +0 spear.
You shoot an arrow. The arrow barely misses the gnoll.
The gnoll hits you from afar with a +0 spear. x2
You shoot an arrow. The arrow hits the gnoll.
The gnoll is heavily wounded.
The gnoll hits you from afar with a +0 spear.
You shoot an arrow.
The arrow hits the gnoll but does no damage.
The gnoll closely misses you. The gnoll hits you but does no damage.
You shoot an arrow. The arrow hits the gnoll.
The gnoll is moderately wounded.
The gnoll barely misses you.
A gnoll comes into view. It is wielding a +0 spear.
The gnoll hits you but does no damage.
You shoot an arrow. The arrow closely misses the gnoll.
The gnoll shouts!
The gnoll barely misses you.
The gnoll hits you but does no damage. x2
The gnoll barely misses you.
You shoot an arrow. The arrow hits the gnoll.
The gnoll is heavily wounded.
The gnoll barely misses you. The gnoll hits you with a +0 whip.
You shoot an arrow.
The arrow hits the gnoll but does no damage.
The gnoll is heavily wounded.
The gnoll misses you. The gnoll hits you but does no damage.
You shoot an arrow. The arrow barely misses the gnoll.
The gnoll closely misses you. The gnoll barely misses you.
You shoot an arrow. The arrow hits the gnoll.
The gnoll is severely wounded.
The gnoll hits you from afar with a +0 spear.
The gnoll hits you but does no damage. x2
The gnoll hits you from afar with a +0 spear.
The gnoll closely misses you. The gnoll hits you with a +0 whip.
1846 ||| READING scroll of teleportation.
As you read the scroll of teleportation, it crumbles to dust.
You feel strangely unstable. The gnoll hits you but does no damage.
A gnoll comes into view. It is wielding a +0 club.
The gnoll closely misses you. The gnoll hits you with a +0 whip!
You die...

#...###..# #. #######
#:...#...# #. #.....#
#.##...### #>
#..######.###.###.##.###
####. #...>.....#
#.....##.# #....
#.#######.###........#
#.### #.<..)#.###### #.#
#####.#.## #######.###
#.gg@## #..........
###.#.#.#####.#####.###
....g.........#####.#
###.#.#.######......#
g.....#######.######
###.>..........#
##############


You could see 4 gnolls.

Vanquished Creatures
  4 adders (D:2)
  A worm (D:3)
  4 orcs (D:3)
  3 ball pythons
  2 bats (D:1)
  9 endoplasms
  A giant cockroach (D:2)
  5 goblins
  4 hobgoblins
  3 jackals (D:2)
  4 frilled lizards
  7 kobolds
  3 rats
50 creatures vanquished.

Notes
Turn   | Place    | Note
-------+----------+-------------------------------------------
     0 | D:1      | qw the Gargoyle Hunter began the quest for the Orb.
     0 | D:1      | Reached XP level 1. HP: 12/12 MP: 1/1
     0 | D:1      | 0 ||| qw: Version: 0.2-a-29-g511e9b1
     0 | D:1      | 0 ||| qw: Game counter: 5277
     0 | D:1      | 0 ||| qw: Always use a shield: true
     0 | D:1      | 0 ||| qw: God list: Okawaru
     0 | D:1      | 0 ||| qw: Allow faded altars: false
     0 | D:1      | 0 ||| qw: Do Orc after D:15 true
     0 | D:1      | 0 ||| qw: Do second Lair branch before Depths: true
     0 | D:1      | 0 ||| qw: Lair rune preference: random
     0 | D:1      | 0 ||| qw: Plans: Normal, Zot:1-4, Slime:5, God:TSO, Crypt,
                  | Tomb, Abyss, Pan, Hells, Win
     0 | D:1      | 0 ||| PLANNING D:1-11
   171 | D:1      | Reached XP level 2. HP: 16/17 MP: 2/2
   577 | D:1      | Reached XP level 3. HP: 21/21 MP: 3/3
   813 | D:1      | 813 ||| UPGRADING to +0 pair of gloves.
   818 | D:1      | 818 ||| READING 2 scrolls labelled PUUSHR GUGANLASM.
   819 | D:1      | 819 ||| READING scroll of enchant armour.
   819 | D:1      | 819 ||| ENCHANTING +0 pair of gloves.
   820 | D:1      | 820 ||| READING 2 scrolls labelled JATIEM IMA RUA.
   824 | D:1      | 824 ||| DROPPING scroll of butterflies.
   852 | D:2      | Reached skill level 5 in Ranged Weapons
  1046 | D:2      | Reached skill level 3 in Fighting
  1046 | D:2      | Reached XP level 4. HP: 28/28 MP: 4/4
  1422 | D:2      | Found a faded altar of an unknown god.
  1500 | D:2      | 1500 ||| UPGRADING to +0 pair of boots.
  1505 | D:2      | 1505 ||| UPGRADING to +0 ring mail.
  1515 | D:2      | 1515 ||| DROPPING +0 leather armour.
  1516 | D:2      | 1516 ||| READING scroll labelled RATIYZ FETEM.
  1517 | D:2      | 1517 ||| READING scroll labelled DOYDACV LUOP.
  1518 | D:2      | 1518 ||| READING scroll labelled DOSHET QUESO.
  1519 | D:2      | 1519 ||| READING 3 scrolls labelled XYSARI XEXZY.
  1520 | D:2      | 1520 ||| READING scroll labelled LIWUGOCAHO.
  1521 | D:2      | 1521 ||| DROPPING 2 scrolls of revelation.
  1593 | D:3      | Identified the staff of death "Vaanypig" {rElec rF+ rC- rN+
                  | Int+4}
  1630 | D:3      | Reached skill level 1 in Armour
  1845 | D:3      | HP: 6/28 [gnoll/+0 whip (3)]
  1846 | D:3      | 1846 ||| READING scroll of teleportation.
  1846 | D:3      | Slain by a gnoll

Levels and vault maps discovered:
D:1:      dpeg_arrival_signposts, layout_loops_ring
D:2:      layout_loops_ring, chequers_ecumenical_altar_lobes,
          minmay_tetromino_o2
D:3:      layout_loops_ring

Skill      XL: |  1  2  3  4 |
---------------+-------------+-----
Ranged Weapons | 5 |  5.3
Fighting       | 3 |  3.2
Armour         | 1 |  1.0
Dodging        | |  1.5
Stealth        | |  1.1

Action                     |  1- 3 |  4- 6 || total
---------------------------+-------+-------++-------
   Fire: Shortbow          |   108 |    60 ||   168
    Use: Scroll            |     3 |     6 ||     9
 Armour: Leather armour    |    20 |     4 ||    24
         Ring mail         |       |    12 ||    12
  Dodge: Dodged            |    20 |    14 ||    34

Table legend:
 A = Non-vault XP
 B = Vault XP
 C = Vault XP percentage of total XP
 D = Non-vault monster count
 E = Vault monster count
 F = Vault count percentage of total count
                 A         B        C        D         E       F
            +---------+---------+-------+---------+---------+-------
      Total |     126 |      13 |   9.4 |      49 |       1 |   2.0
            +---------+---------+-------+---------+---------+-------
        D:1 |      35 |       0 |   0.0 |      21 |       0 |   0.0
        D:2 |      58 |      13 |  18.3 |      13 |       1 |   7.1
        D:3 |      33 |       0 |   0.0 |      15 |       0 |   0.0
            +---------+---------+-------+---------+---------+-------
